AoeStats
← kV0t3

Arabia

506463439Analyzed
1v1 RM · 19d ago on Sep 13, 2026· 58m 51s· 2 players
Game mode
Random Map
Map size
Tiny (2 player)
Population
200
Speed
Normal
Resources
Standard
Victory
Conquest
Starting age
Dark Age
Ending age
Imperial Age
RankedLock teamsTeams togetherTeam positionsShared explorationLock speedFull tech treeHidden civsTurbo modeCheats
Victory
Defeat
🇦🇷 Maya · Argentina
1183
+16
🇫🇷 Khmer · France
1187
-16
kV0t3
0:25 Loom
8:30 Feudal Age
15:45 Double-Bit Axe
21:35 Castle Age
20:54 Horse Collar
21:05 Gold Mining
21:23 Fletching
22:39 Bodkin Arrow
22:55 Bow Saw
22:46 Heavy Plow
23:30 Scale Mail Armor
23:32 Squires
25:02 Wheelbarrow
24:19 Stone Mining
24:05 Eagle Warrior
25:41 Chain Mail Armor
26:17 Town Watch
29:17 Forging
31:00 Hand Cart
34:59 Imperial Age
33:37 Iron Casting
33:02 Padded Archer Armor
33:16 Masonry
39:40 Two-Man Saw
39:56 Stone Shaft Mining
39:44 Bracer
39:41 Pikeman
40:38 Leather Archer Armor
40:48 Ballistics
42:05 Ring Archer Armor
41:18 Elite Skirmisher
42:47 Plate Mail Armor
44:03 Blast Furnace
45:15 Halberdier
46:29 Crop Rotation
46:33 Guard Tower
47:44 Chemistry
47:15 Architecture
46:25 Treadmill Crane
47:21 Elite Eagle Warrior
48:26 Conscription
49:12 Arson
48:48 Man-at-Arms
51:11 Keep
50:32 Murder Holes
53:24 Holcans
53:08 Fortified Wall
53:52 Elite Plumed Archer
53:55 Crossbowman
54:40 Thumb Ring
54:11 Long Swordsman
54:42 Two-Handed Swordsman
55:26 Arbalester
58:49 Onager
58:50 Heavy Scorpion
NNeirdAA1994
6:47 Loom
11:04 Feudal Age
12:08 Double-Bit Axe
16:22 Fletching
25:43 Castle Age
25:06 Padded Archer Armor
26:31 Wheelbarrow
25:44 Crossbowman
26:20 Bodkin Arrow
26:58 Bow Saw
39:00 Imperial Age
38:36 Scale Barding Armor
38:42 Forging
39:22 Bloodlines
39:37 Chain Barding Armor
39:27 Cavalier
49:13 Scale Mail Armor
49:20 Man-at-Arms
50:16 Chain Mail Armor
50:12 Long Swordsman
51:28 Two-Handed Swordsman
Connection lost

Rejoining the realm…

Still unreachable

The connection could not be restored.

Session expired

The server has moved on; the page needs a fresh start.